Description

terran beginner

Build Order

Get SALT Encoding   

  12  0:01  SCV  
  13  0:13  SCV  
  14  0:18  Supply Depot  
  14  0:25  SCV  
  15  0:40  Barracks, SCV  
  16  0:44  Refinery  
  16  0:52  SCV  
  17  1:04  SCV  
  18  1:16  SCV  
  19  1:28  Orbital Command  
  19  1:30  Barracks Reactor  
  19  1:43  Command Center  
  19  1:55  SCV  
  20  2:01  Barracks  
  20  2:06  Marine  
  20  2:07  SCV  
  22  2:14  Marine  
  22  2:15  Supply Depot  
  23  2:28  Barracks  
  23  2:36  SCV, Marine x2  
  26  2:50  Barracks Tech Lab  
  27  2:56  Orbital Command  
  27  3:00  Marine x2  
  30  3:09  Marine, Stimpack  
  31  3:16  Barracks Reactor  
  31  3:18  Marine x2  
  34  3:24  Factory  
  36  3:34  Refinery  
  36  3:37  Marine  
  41  3:46  Supply Depot x2  
  47  4:10  Supply Depot, Starport  
  47  4:11  Factory Reactor  
  63  4:54  Medivac x2  
  63  4:59  Engineering Bay  
  69  5:12  Combat Shield  
Spawning Tool Build Advisor. Get it on Overwolf

Go to:

Details

  • Created by: deathsbane  
  • Published on: Jun 22, 2019
  • Modified on: Jun 22, 2019
  • Patch: 4.7.1
  • Difficulty: Easy
Show
View Real Time Build Order
Export as new Build Order

Comments (0)

There are no comments. Be the first!

Create an account to comment!